Map: Lerilak Crest

Players

Zeus

  • Race: Zerg Zerg
  • League: Silver

lesha - Winner!

  • Race: Terran Terran
  • League: Silver

VOD

Have the link to the VOD?

Description

Time

  • Played on: Dec. 22, 2015, 11:09 a.m.
  • Length: 14:49
Show
View Real Time Build Order
Export as new Build Order

Zeus Zerg 

Build Orders: Pool First 

Get SALT Encoding   

  12  0:04  Drone  
  13  0:09  Drone  
  14  0:14  Extractor  
  14  0:17  Extractor  
  14  0:18  Drone  
  13  0:24  Drone  
  14  0:45  Spawning Pool  
  14  0:46  Drone  
  14  0:52  Overlord  
  14  1:10  Drone x2  
  14  1:11  Drone  
  17  1:24  Drone  
  18  1:32  Queen  
  20  1:37  Zergling x2  
  21  1:44  Drone  
  22  1:55  Overlord  
  22  2:16  Lair  
  22  2:17  Drone  
  22  2:19  Drone  
  24  2:47  Drone  
  24  2:48  Drone x2, Overlord  
  24  2:49  Overlord  
  27  2:58  Spine Crawler  
  27  2:59  Spine Crawler  
  24  3:26  Spire  
  23  3:46  Queen  
  25  3:57  Drone x2, Overlord x2  
  27  4:10  Hydralisk Den  
  26  4:20  Overseer  
  26  4:31  Spore Crawler  
  25  4:43  Mutalisk x4  
  25  4:44  Mutalisk x2  
  37  4:59  Burrow  
  37  5:16  Mutalisk x2  
  41  5:44  Zerg Flyer Weapons Level 1  
  41  5:59  Hydralisk x2  
  41  6:01  Zergling x8  
  41  6:02  Zergling x2  
  48  7:27  Mutalisk  
  48  7:28  Mutalisk x4  
  58  7:44  Hatchery  
  58  7:47  Zergling x6  
  58  7:48  Zergling x4  
  62  8:21  Extractor  
  57  9:21  Mutalisk x3  
  57  9:22  Mutalisk x2  
  57  9:23  Zergling x2  
  68  9:49  Metabolic Boost  
  68  10:03  Overlord x4  
  68  10:04  Overlord  
  68  10:15  Overlord x3  
  60  10:42  Zergling x4  
  62  10:43  Zergling x8  
  62  10:47  Queen  
  62  10:48  Drone x2  
  62  10:49  Drone  
  71  11:08  Zerg Flyer Armor Level 1  
  50  11:40  Zergling x8  
  50  11:41  Zergling x6  
  57  11:52  Lurker Den  
  57  11:54  Hydralisk x4  
  48  12:16  Drone  
  48  12:17  Drone x5  
  54  12:36  Extractor  
  53  12:51  Hydralisk x4  
  53  12:52  Hydralisk  
  63  13:24  Drone x5  
  68  13:32  Zergling x12  
  74  13:37  Lurker x2  
  74  13:40  Lurker  
Show
View Real Time Build Order
Export as new Build Order

lesha Terran - Winner!

Build Orders:  

Get SALT Encoding   

  12  0:02  SCV  
  13  0:14  SCV  
  14  0:18  Supply Depot  
  14  0:26  SCV  
  15  0:40  SCV  
  15  0:41  Barracks  
  16  0:52  SCV  
  16  0:53  Refinery  
  17  1:05  SCV  
  18  1:17  SCV  
  20  1:33  Orbital Command  
  20  1:36  Reaper  
  20  1:47  Command Center  
  20  1:59  Refinery  
  20  2:01  SCV  
  21  2:12  Supply Depot  
  21  2:13  SCV  
  22  2:26  SCV, Factory  
  23  2:39  Marine  
  24  2:53  Barracks  
  24  3:04  SCV  
  25  3:06  Orbital Command  
  25  3:10  Marine  
  26  3:21  Factory Tech Lab  
  26  3:25  Starport  
  26  3:37  SCV x2  
  28  3:47  Marine  
  29  3:49  SCV  
  29  3:51  Barracks Reactor, Siege Tank  
  33  3:56  Orbital Command  
  33  4:04  Marine  
  33  4:05  SCV  
  33  4:09  Starport Reactor  
  35  4:17  Barracks  
  35  4:18  SCV  
  35  4:20  Supply Depot  
  35  4:21  Barracks  
  36  4:28  SCV  
  36  4:30  SCV  
  38  4:32  Marine x2  
  38  4:35  Bunker  
  38  4:37  Siege Tank  
  43  4:40  SCV, Barracks Tech Lab  
  44  5:02  SCV x2  
  44  5:05  Stimpack  
  46  5:10  Supply Depot  
  46  5:11  Supply Depot  
  46  5:12  Marine  
  46  5:13  Barracks Reactor  
  47  5:14  SCV x2  
  47  5:15  Engineering Bay  
  47  5:18  Marauder, Marine  
  47  5:20  Marine  
  53  5:26  SCV  
  54  5:31  SCV  
  54  5:35  Engineering Bay  
  55  5:42  SCV  
  56  5:43  SCV  
  56  5:45  Barracks Reactor  
  56  5:47  Medivac  
  59  5:54  SCV  
  60  5:59  Terran Infantry Weapons Level 1  
  60  6:03  Refinery  
  60  6:04  SCV  
  61  6:05  Refinery  
  61  6:06  SCV  
  62  6:11  Command Center  
  62  6:14  Marine x3  
  62  6:15  Marine x2  
  62  6:16  SCV  
  68  6:19  SCV  
  67  6:32  Marine x2  
  64  6:33  Marauder  
  59  6:46  Missile Turret  
  55  6:47  Missile Turret  
  55  6:49  Missile Turret  
  55  6:51  Missile Turret x2  
  44  7:06  SCV x2  
  39  7:18  SCV x2  
  40  7:30  SCV x2  
  40  7:34  Marine x4  
  40  7:35  Marine  
  47  7:37  Missile Turret  
  47  7:42  SCV x2  
  47  7:43  Orbital Command  
  49  7:49  Marine x2  
  51  7:54  SCV x2  
  53  8:01  Missile Turret  
  53  8:03  Missile Turret x2  
  53  8:06  SCV x2  
  53  8:12  SCV  
  56  8:13  Missile Turret  
  56  8:14  Missile Turret  
  56  8:15  Marine  
  56  8:16  Marine  
  47  8:32  Marine x4  
  47  8:33  Marine x3  
  54  8:39  Terran Infantry Armor Level 1  
  51  8:45  Armory  
  51  8:50  Marine  
  51  8:52  Viking  
  52  9:02  Marine x5  
  45  9:08  Marine  
  45  9:09  SCV x3  
  50  9:20  Marine x4  
  50  9:21  SCV  
  50  9:22  Missile Turret  
  57  9:24  Missile Turret  
  57  9:35  Marine x2  
  57  9:37  Marine  
  57  9:38  Marine x2  
  55  9:44  Marine  
  54  9:49  SCV x3  
  57  9:52  Marine  
  57  9:53  Marine  
  59  10:01  SCV x2, Missile Turret x2  
  59  10:02  SCV  
  62  10:13  SCV x2  
  64  10:14  SCV  
  64  10:16  Starport  
  64  10:17  Marine x4  
  64  10:19  Starport  
  69  10:23  Supply Depot  
  69  10:24  Supply Depot  
  69  10:28  SCV x2, Marine  
  69  10:29  Marine  
  69  10:30  SCV  
  69  10:34  Marine x2  
  69  10:40  SCV  
  70  10:49  Missile Turret  
  70  10:59  Missile Turret  
  70  11:01  Missile Turret  
  70  11:03  Missile Turret x2  
  70  11:04  SCV x3, Missile Turret  
  70  11:05  Marine  
  70  11:06  Marine x5  
  70  11:10  Missile Turret  
  79  11:14  Starport Reactor x2  
  79  11:16  SCV  
  80  11:23  Marine x2  
  80  11:24  Marine x4  
  84  11:27  Barracks  
  84  11:28  Barracks  
  84  11:31  Barracks  
  77  11:39  SCV x3  
  79  11:44  Marine x5  
  79  11:45  Marine  
  85  11:51  SCV x2  
  85  11:52  SCV  
  84  12:02  Marine x5  
  84  12:03  SCV  
  84  12:08  Marine  
  76  12:10  Medivac x3  
  78  12:19  Marine  
  78  12:20  Marine x4  
  83  12:26  Marine  
  84  12:37  Marine x2  
  84  12:38  Marine x3  
  84  12:39  Barracks Reactor x2  
  89  12:46  Barracks Reactor  
  89  12:58  Command Center, Marine x2  
  89  12:59  Marine x4  
  89  13:00  Medivac  
  89  13:01  Medivac x2  
  101  13:29  Marine x10  
  101  13:32  Supply Depot  
  101  13:33  Marine x2  
  115  13:35  Supply Depot x2  
  113  13:41  Supply Depot  
  113  13:44  Medivac x2  
  117  13:53  Medivac, Marine x6  
  125  13:56  Marine x4  
  125  14:02  SCV  
  130  14:03  SCV x2  
  130  14:05  Marine x2  
  134  14:11  Marine x4  
  134  14:14  SCV, Marine x4  
  134  14:15  SCV  
  146  14:23  Marine x2  
  146  14:29  Marine  
  144  14:31  Command Center  
Tags
 
Add a new tag
Caveats
  • Supply blocks, unpowered buildings, or Contaminate may cause inaccurate times.
  • Supply counts are checked every 10 seconds.